 Dungeon Crawl Stone Soup version 0.28.0 (webtiles) character file.

Game seed: 9522161965862054262

51 multipassport the Chiller (level 3, 0/28 HPs)
             Began as a Naga Ice Elementalist on Feb 11, 2022.
             Shot with a stone by a goblin (2 damage)
             ... on level 2 of the Dungeon.
             The game lasted 00:07:45 (992 turns).

multipassport the Chiller (Naga Ice Elementalist)    Turns: 992, Time: 00:07:45

Health: 0/28       AC:  2    Str: 10    XL:     3   Next: 81%
Magic:  5/6        EV: 10    Int: 17    God:
Gold:   12         SH:  0    Dex: 11    Spells: 6/7 levels left

rFire   . . .      SeeInvis +   b - staff of death
rCold   . . .      Faith    .   (no shield)
rNeg    + . .      Spirit   .   a - +0 robe
rPois   +          Reflect  .   (no helmet)
rElec   .          Harm     .   (no cloak)
rCorr   .          Rampage  .   (no gloves)
Will    .....                   (no barding)
Stlth   ++........              (no amulet)
HPRegen 0.09/turn               (no ring)
MPRegen 0.10/turn               (no ring)

@: short of breath, very slightly contaminated, very slow
A: AC +1, large, see invisible, deformed body, poison resistance, slowness 2,
spit poison 1, naga tail 1
a: Spit Poison


You were on level 2 of the Dungeon.
You visited 1 branch of the dungeon, and saw 2 of its levels.

You collected 12 gold pieces.

Inventory:

Hand Weapons
 g - a +1 hunting sling of freezing
Missiles
 h - 3 stones
Armour
 a - a +0 robe (worn)
Magical Staves
 b - a staff of death (weapon)
Potions
 e - a potion of haste {unknown}
 f - a potion of mutation {unknown}


   Skills:
 + Level 2.1 Dodging
 - Level 3.0 Stealth
 + Level 2.5 Spellcasting
 + Level 1.3 Conjurations
 + Level 4.3 Ice Magic


You had 6 spell levels left.
You knew the following spells:

 Your Spells              Type           Power      Damage    Failure   Level
a - Freeze                Ice            64%        1d8       3%          1

Your spell library contained the following spells:

 Spells                   Type           Power      Damage    Failure   Level
 Frozen Ramparts          Ice            32%        1d5       10%         3
 Ozocubu's Armour         Ice            16%        N/A       10%         3
 Apportation              Tloc           4%         N/A       19%         1
 Hailstorm                Conj/Ice       11%        3d5       50%         4
 Alistair's Intoxication  Tmut/Pois      1%         N/A       99%         5


Dungeon Overview and Level Annotations

Branches:
Dungeon (2/15)

Altars:


Innate Abilities, Weirdness & Mutations

Your serpentine skin is tough. (AC +1)
You have supernaturally acute eyesight. (SInv)
Armour fits poorly on your strangely shaped body.
Your system is resistant to poisons. (rPois)
You cover ground very slowly.
You can spit poison.
You have a snake-like lower body.


Message History

You enter the shallow water.
Moving in this stuff is going to be slow.
You have got your breath back.
The goblin shoots a stone.
The stone hits you.
* * * LOW HITPOINT WARNING * * *
The goblin shoots a stone.
The stone misses you.
A ball python comes into view.
The ball python hisses angrily.
The goblin shoots a stone.
The stone hits you but does no damage.
The goblin shoots a stone.
The stone hits you.
* * * LOW HITPOINT WARNING * * *
The goblin shoots a stone.
The stone hits you.
* * * LOW HITPOINT WARNING * * *
The ball python bites you.
* * * LOW HITPOINT WARNING * * *
The ball python bites you but does no damage.
Aiming: Spit Poison (2% risk of failure)
Press: ? - help, Shift-Dir - straight line, f - ball python
Aim: a ball python (54% to hit)
Okay, then.
It was a potion of magic.
Magic courses through your body.
The ball python bites you but does no damage.
Aiming: Spit Poison (2% risk of failure)
Press: ? - help, Shift-Dir - straight line, f - ball python
Aim: a ball python (54% to hit)
The splash of poison hits the ball python.
The ball python is poisoned.
The ball python is moderately wounded.
The ball python barely misses you.
Aiming: Freeze (safe; 3% risk of failure)
Press: ? - help, Q - select action, (/) - cycle Shift-Dir - straight line, f/p - ball python
Aim: a ball python (moderately wounded, poisoned)
You miscast Freeze.
You are very lightly contaminated with residual magic.
Nothing appears to happen.
The ball python bites you.
* * * LOW HITPOINT WARNING * * *
You kill the ball python!
The goblin shoots a stone.
The stone hits you.
You die...

.............
..................# .....
...†.......#......###.....
...........#.....>..#......
♣♣♣)....P♣♣≈≈.....#........
♣♣♣♣≈♣≈≈≈≈≈≈≈P....#.........
P≈≈≈♣♣♣♣≈≈≈≈≈PP...#.........
≈≈≈≈≈P≈≈≈≈≈≈≈≈≈.............
.............g†.@...........
≈≈≈≈≈≈≈P≈≈≈≈≈≈P.##.........
≈P≈≈≈≈≈≈≈≈≈≈≈♣..###..).....
P≈P≈≈P≈≈P≈≈≈♣#.##.....###..
♣♣♣≈###≈P♣♣≈##.##.#...# ♣P##
########.##.#.### ♣≈#
#....#<# ♣♣ ########


You could see a goblin.

Vanquished Creatures
  Natasha (D:2)
  A dart slug (D:1)
  2 endoplasms (D:1)
  2 goblins (D:1)
  5 hobgoblins
  A quokka (D:2)
  3 ball pythons
  A bat (D:1)
  A frilled lizard (D:1)
  4 kobolds
  5 rats (D:1)
26 creatures vanquished.

Vanquished Creatures (others)
  2 plants (D:2)
2 creatures vanquished.

Grand Total: 28 creatures vanquished

Notes
Turn   | Place    | Note
-------+----------+-------------------------------------------
     0 | D:1      | multipassport the Naga Ice Elementalist began the quest for
                  | the Orb.
     0 | D:1      | Reached XP level 1. HP: 15/15 MP: 3/3
   255 | D:1      | Reached XP level 2. HP: 22/22 MP: 5/5
   291 | D:1      | Found a faded altar of an unknown god.
   621 | D:1      | Reached skill level 1 in Conjurations
   958 | D:2      | Noticed Natasha
   964 | D:2      | Reached XP level 3. HP: 26/28 MP: 6/6
   969 | D:2      | Killed Natasha
   992 | D:2      | Shot with a stone by a goblin

Illustrated notes

Levels and vault maps discovered:
D:1:      noname_arrival_rooms_in_the_neighbourhood, layout_loops_corners,
          ebering_ecumenical_altar_sacrificial, minivault_11
D:2:      layout_basic, serial_bayou_lagoon_b, uniq_natasha, uniq_sigmund

Skill      XL: |  1  2  3 |
---------------+----------+-----
Conjurations   | 1 |  1.3
Dodging        | 2 |  2.1
Stealth        | |  3.0
Spellcasting   | |  2.5
Ice Magic      | |  4.3

Action                   || total
-------------------------++-------
 Cast: Freeze            ||    10
 Abil: Spit Poison       ||    25
  Use: Potion            ||     1
Armor: Robe              ||     6
Dodge: Dodged            ||     5
